AoeStats
← dankalashnikov

Black Forest

508564436Analyzed
2v2 RM · 9d ago on Sep 23, 2026· 64m 33s· 4 players
Game mode
Random Map
Map size
Medium (4 player)
Population
200
Speed
Normal
Resources
Standard
Victory
Conquest
Starting age
Dark Age
Ending age
Imperial Age
RankedLock teamsTeams togetherTeam positionsShared explorationLock speedFull tech treeHidden civsTurbo modeCheats
Victory
Defeat
🇨🇦 Teutons · Canada
734
+12
🇨🇷 Romans · Costa Rica
613
+18
🇺🇸 Danes · United States
880
-71
🇺🇸 Varangians · United States
414
-7
12ozPapa
3:04 Loom
18:02 Feudal Age
18:44 Feudal Age
20:12 Horse Collar
20:21 Double-Bit Axe
20:27 Fishing Lines
20:50 Town Watch
21:56 Wheelbarrow
22:24 Gold Mining
23:26 Stone Mining
30:13 Fletching
30:34 Forging
30:24 Scale Mail Armor
30:30 Scale Barding Armor
36:42 Castle Age
35:13 Arson
37:30 Bloodlines
39:25 Heavy Plow
39:39 Bow Saw
40:08 Stone Shaft Mining
39:35 Town Patrol
39:31 Gillnets
40:34 Hand Cart
39:52 Elite Skirmisher
40:45 Elite Skirmisher
41:27 Bodkin Arrow
42:08 Iron Casting
42:54 Husbandry
42:15 Light Cavalry
42:59 Squires
42:19 Pikeman
44:11 Caravan
44:30 Chain Mail Armor
54:02 Murder Holes
54:17 Fortified Wall
53:58 Guard Tower
54:28 Ballistics
53:49 Treadmill Crane
54:20 Masonry
54:34 Chain Barding Armor
54:48 Vendel Legacy
59:58 Imperial Age
59:18 Herbal Medicine
59:24 Devotion
60:00 Halberdier
61:05 Capped Ram
61:10 Hussar
61:14 Cranequins
61:15 Heavy Mounted Crossbowman
62:12 Guilds
62:07 Bracer
63:08 Blast Furnace
62:38 Plate Mail Armor
62:44 Plate Barding Armor
62:12 Padded Archer Armor
62:45 Architecture
62:21 Siege Engineers
63:17 Chemistry
dankalashnikov
14:03 Feudal Age
15:28 Wheelbarrow
14:45 Double-Bit Axe
15:24 Horse Collar
18:16 Stone Mining
22:06 Castle Age
19:51 Man-at-Arms
22:49 Pikeman
22:53 Long Swordsman
27:19 Hand Cart
29:55 Squires
35:56 Long Swordsman
37:29 Hamask
38:11 Elite Skirmisher
38:56 Thumb Ring
39:45 Ballistics
42:19 Imperial Age
40:14 Thumb Ring
41:03 Thumb Ring
42:27 Gambesons
42:10 Light Cavalry
44:53 Heavy Mounted Crossbowman
44:53 Cranequins
45:28 Capped Ram
45:36 Two-Handed Swordsman
49:08 Siege Ram
50:27 Bow Saw
51:00 Champion
52:37 Caravan
53:45 Fletching
53:57 Padded Archer Armor
54:03 Scale Barding Armor
54:09 Forging
53:59 Scale Mail Armor
57:03 Murder Holes
57:49 Iron Casting
57:10 Bodkin Arrow
57:31 Leather Archer Armor
57:33 Halberdier
Albast6718
0:27 Loom
14:21 Feudal Age
21:11 Castle Age
22:32 Double-Bit Axe
32:37 Horse Collar
32:55 Gold Mining
36:37 Fletching
37:29 Wheelbarrow
38:08 Heavy Plow
43:06 Imperial Age
43:08 Hand Cart
43:08 Bow Saw
43:26 Cavalier
45:03 Forging
44:59 Scale Barding Armor
45:51 Conscription
46:34 Iron Casting
47:16 Crenellations
49:24 Bloodlines
50:23 Masonry
50:34 Ballistics
51:14 Hoardings
51:43 Chain Barding Armor
51:30 Bodkin Arrow
53:33 Blast Furnace
54:46 Plate Barding Armor
54:27 Caravan
57:33 Fishing Lines
59:01 Paladin
62:18 Two-Man Saw
61:14 Gillnets
62:51 Chemistry
Dlaost
0:29 Loom
16:59 Feudal Age
18:23 Wheelbarrow
18:22 Town Watch
21:13 Horse Collar
21:42 Double-Bit Axe
29:18 Castle Age
28:39 Forging
28:36 Scale Barding Armor
28:27 Fletching
30:25 Town Patrol
31:30 Hand Cart
31:30 Bow Saw
31:35 Heavy Plow
31:30 Gold Mining
33:18 Coinage
33:43 Guard Tower
34:25 Fortified Wall
34:13 Murder Holes
36:18 Masonry
38:19 Gold Shaft Mining
37:35 Stone Mining
38:01 Caravan
39:20 Husbandry
39:30 Bloodlines
38:42 Light Cavalry
44:09 Imperial Age
42:59 Ballistas
44:14 Bodkin Arrow
45:48 Architecture
45:26 Siege Engineers
46:22 Chemistry
46:02 Keep
46:04 Chain Barding Armor
47:27 Conscription
47:13 Heavy Scorpion
49:38 Banking
49:26 Guilds
50:17 Crop Rotation
51:09 Ballistics
51:34 Iron Casting
54:22 Comitatenses
57:12 Cavalier
Connection lost

Rejoining the realm…

Still unreachable

The connection could not be restored.

Session expired

The server has moved on; the page needs a fresh start.